Map: Port Aleksander LE

Players

WinterSC - Winner!

  • Race: Terran Terran
  • League: Master
  • Spawn Location: 5:00

Teegs

  • Race: Zerg Zerg
  • League: Master
  • Spawn Location: 11:00

VOD

Have the link to the VOD?

Description

Winter's TvZ BC into mech

Time

  • Played on: Dec. 30, 2018, 11:49 p.m.
  • Length: 13:29
Show
View Real Time Build Order
Export as new Build Order

WinterSC Terran - Winner!

Build Orders: Gas First Reaper Expand 

Get SALT Encoding   

  12  0:01  SCV  
  13  0:13  SCV  
  14  0:18  Supply Depot  
  14  0:25  SCV  
  15  0:29  Refinery  
  15  0:40  SCV  
  16  0:46  Barracks  
  16  0:52  SCV  
  17  1:04  SCV  
  18  1:16  SCV  
  19  1:32  Orbital Command  
  19  1:33  Reaper  
  20  1:49  Command Center  
  20  1:58  SCV  
  21  2:04  Factory  
  21  2:09  Refinery  
  21  2:12  Barracks Reactor  
  22  2:15  SCV  
  22  2:21  Supply Depot  
  21  2:34  SCV  
  22  2:48  Marine x2  
  22  2:49  Hellion  
  25  2:59  Starport  
  25  3:07  SCV  
  25  3:11  Command Center  
  27  3:20  SCV  
  27  3:21  Hellion  
  31  3:37  Fusion Core  
  31  3:41  Supply Depot  
  31  3:43  Viking  
  31  4:03  Widow Mine, SCV  
  30  4:14  Starport Tech Lab  
  30  4:15  SCV  
  31  4:22  Hellion  
  33  4:24  Hellion  
  33  4:27  SCV  
  33  4:29  Orbital Command  
  36  4:40  Battlecruiser  
  36  4:41  SCV  
  43  4:48  Hellion  
  45  4:53  SCV  
  45  4:56  Orbital Command  
  47  5:03  Hellion  
  48  5:13  SCV  
  49  5:15  Hellion  
  49  5:16  Armory  
  49  5:17  Supply Depot  
  51  5:22  SCV  
  51  5:26  SCV  
  53  5:34  SCV  
  54  5:39  Hellion, Supply Depot  
  56  5:49  SCV  
  55  5:56  Hellion  
  55  6:01  Hellion  
  55  6:06  Battlecruiser, SCV  
  60  6:12  SCV  
  59  6:18  Supply Depot  
  59  6:21  SCV  
  59  6:25  SCV  
  59  6:30  Hellion x2  
  59  6:31  Terran Vehicle And Ship Armor Level 1  
  59  6:32  Refinery x2  
  63  6:33  SCV  
  63  6:36  Supply Depot  
  63  6:37  SCV  
  65  6:44  Weapon Refit  
  65  6:51  Hellion  
  67  6:59  Hellion, SCV  
  70  7:03  Factory  
  70  7:06  Command Center  
  70  7:08  SCV  
  71  7:11  SCV  
  72  7:20  Hellion x2, SCV  
  71  7:41  Hellion  
  71  7:42  Hellion  
  71  7:43  SCV x2  
  75  7:45  Battlecruiser  
  81  7:55  SCV x2  
  83  8:00  Factory Tech Lab  
  83  8:03  Hellion  
  85  8:07  SCV  
  86  8:15  Factory  
  86  8:17  Supply Depot  
  86  8:18  SCV  
  86  8:19  SCV  
  82  8:30  SCV  
  82  8:31  Hellion, SCV  
  82  8:32  Hellion, Orbital Command, Infernal Pre-Igniter  
  86  8:38  Hellion  
  86  8:42  SCV  
  86  8:44  SCV  
  86  8:53  Battlecruiser  
  86  8:54  SCV  
  93  9:00  SCV  
  94  9:03  SCV  
  94  9:06  SCV  
  96  9:12  SCV  
  96  9:14  Orbital Command  
  97  9:18  Factory Tech Lab, Cyclone  
  97  9:21  SCV  
  101  9:32  Hellion  
  101  9:36  SCV  
  101  9:38  SCV  
  101  9:43  SCV  
  102  9:49  Cyclone  
  102  9:50  Mag-Field Accelerator  
  102  9:52  Cyclone, SCV  
  109  9:54  Factory  
  109  9:55  SCV  
  109  9:56  Refinery  
  109  9:58  Refinery  
  110  10:04  SCV x2  
  110  10:05  Supply Depot x2  
  112  10:07  SCV  
  112  10:10  Hellion  
  115  10:19  Hellion  
  117  10:27  Hellion  
  117  10:31  Cyclone  
  77  10:47  SCV  
  77  10:49  Siege Tank  
  76  10:50  SCV  
  76  11:03  Hellion  
  76  11:06  Widow Mine  
  76  11:10  Battlecruiser  
  76  11:11  SCV  
  78  11:21  Cyclone  
  78  11:24  Hellion  
  83  11:27  Cyclone, SCV  
  83  11:29  SCV  
  83  11:32  Command Center  
  73  11:53  Siege Tank  
  76  11:54  SCV  
  76  11:59  SCV  
  78  12:09  Hellion x2  
  78  12:11  Supply Depot  
  78  12:13  SCV  
  78  12:15  SCV  
  84  12:31  Supply Depot  
  84  12:32  Supply Depot  
  84  12:38  Hellion  
  84  12:43  Siege Tank  
  89  12:45  Medivac, Orbital Command  
  91  12:54  Hellion  
  91  12:57  Factory Tech Lab  
  91  12:58  SCV  
  92  13:00  Hellion  
  92  13:02  SCV  
  93  13:10  Armory, SCV  
Show
View Real Time Build Order
Export as new Build Order

Teegs Zerg 

Build Orders: Hatch First 

Get SALT Encoding   

  12  0:01  Drone  
  13  0:09  Drone  
  14  0:35  Hatchery  
  13  0:38  Drone  
  14  0:54  Extractor  
  13  1:00  Spawning Pool  
  13  1:03  Drone  
  13  1:05  Drone  
  14  1:12  Extractor, Drone  
  15  1:20  Overlord  
  15  1:47  Zergling x8  
  15  1:50  Queen  
  21  1:59  Metabolic Boost  
  21  2:04  Zergling x2  
  22  2:15  Overlord  
  22  2:17  Drone  
  22  2:18  Drone  
  24  2:31  Overlord  
  24  2:37  Queen  
  24  2:40  Drone  
  27  2:53  Drone x3  
  27  2:54  Drone  
  27  2:57  Drone  
  32  3:00  Drone  
  32  3:04  Drone  
  34  3:08  Drone  
  34  3:09  Drone  
  36  3:26  Drone, Hatchery  
  36  3:29  Drone  
  36  3:31  Drone  
  36  3:33  Drone  
  39  3:37  Overlord  
  39  3:43  Queen  
  41  3:49  Queen  
  40  4:11  Drone x7  
  40  4:12  Drone  
  40  4:14  Drone x2  
  50  4:17  Drone x2  
  50  4:22  Spore Crawler  
  51  4:24  Overlord  
  51  4:34  Overlord  
  50  4:41  Spore Crawler  
  50  4:42  Queen  
  50  4:43  Spore Crawler  
  50  4:44  Queen  
  50  4:45  Queen, Spore Crawler  
  53  4:52  Drone  
  54  4:55  Drone x2  
  54  4:57  Drone  
  54  4:59  Spore Crawler  
  56  5:00  Drone  
  56  5:01  Spore Crawler  
  56  5:02  Extractor, Drone  
  56  5:04  Drone  
  57  5:08  Overlord  
  57  5:10  Overlord  
  57  5:15  Baneling Nest  
  57  5:17  Overlord  
  56  5:25  Zergling x2  
  56  5:26  Queen  
  56  5:27  Zergling x4  
  61  5:28  Zergling x2  
  61  5:29  Zergling x2  
  61  5:32  Zergling x2  
  61  5:33  Zergling x2  
  61  5:34  Zergling x2  
  65  5:36  Zergling x2  
  65  5:37  Zergling x2  
  65  5:39  Zergling x2  
  68  5:46  Drone x3  
  67  5:54  Drone x4  
  67  5:55  Drone  
  71  6:00  Drone  
  71  6:01  Drone  
  71  6:04  Drone  
  71  6:07  Drone  
  71  6:08  Drone  
  67  6:28  Drone x6  
  67  6:29  Drone x2  
  67  6:32  Extractor x2  
  73  6:33  Lair  
  73  6:36  Extractor, Drone  
  73  6:37  Extractor  
  72  6:40  Drone  
  72  6:41  Drone x4  
  75  7:12  Overlord  
  75  7:13  Overlord  
  74  7:25  Zergling x6  
  74  7:29  Zergling x6  
  65  7:48  Drone  
  65  7:49  Hydralisk Den, Drone x7  
  65  7:50  Drone x2  
  72  8:00  Drone x3  
  72  8:01  Drone  
  72  8:03  Drone x2  
  78  8:05  Baneling x2  
  78  8:06  Baneling x2  
  78  8:11  Overlord x2  
  78  8:12  Overlord  
  78  8:15  Overlord  
  78  8:16  Overlord x2  
  78  8:19  Grooved Spines  
  78  8:26  Hydralisk  
  77  8:27  Hydralisk x2  
  77  8:30  Hydralisk  
  83  8:36  Hydralisk x2  
  86  8:43  Hydralisk x2  
  86  8:47  Hydralisk x3  
  86  8:48  Hydralisk  
  96  8:52  Hydralisk  
  96  8:54  Overseer  
  96  8:55  Hydralisk x2  
  102  8:58  Hatchery  
  102  8:59  Hydralisk  
  102  9:01  Hydralisk  
  106  9:04  Hydralisk  
  106  9:07  Hydralisk  
  107  9:15  Hydralisk  
  107  9:16  Hydralisk  
  107  9:26  Hydralisk x2  
  107  9:29  Hydralisk  
  107  9:30  Muscular Augments  
  108  9:32  Hydralisk  
  108  9:39  Hydralisk  
  108  9:41  Hydralisk  
  108  9:44  Overseer  
  112  9:47  Hydralisk  
  114  9:53  Hydralisk  
  114  9:56  Baneling x2  
  114  9:57  Baneling  
  114  9:58  Baneling  
  114  9:59  Baneling  
  116  10:01  Baneling  
  116  10:02  Baneling  
  116  10:03  Baneling  
  115  10:11  Zergling x2  
  115  10:12  Zergling x4  
  113  10:15  Zergling x2  
  107  10:28  Hydralisk x2  
  99  10:40  Hydralisk x2  
  96  10:49  Hydralisk  
  84  10:55  Hydralisk  
  81  11:01  Hydralisk  
  81  11:13  Hydralisk  
  81  11:14  Hydralisk  
  65  11:27  Hydralisk  
  65  11:28  Hydralisk  
  55  11:41  Hydralisk  
  55  11:42  Hydralisk  
  59  11:48  Drone  
  60  11:58  Hydralisk  
  60  12:00  Hydralisk  
  64  12:06  Hydralisk  
  66  12:13  Hydralisk  
  68  12:20  Hydralisk  
  70  12:27  Hydralisk  
  72  12:31  Hydralisk  
  74  12:37  Hydralisk  
  74  12:42  Hydralisk  
  78  12:51  Hydralisk  
  78  12:56  Hydralisk  
  82  13:03  Hydralisk  
Tags
 
Add a new tag
Caveats
  • Supply blocks, unpowered buildings, or Contaminate may cause inaccurate times.
  • Supply counts are checked every 10 seconds.